 Dungeon Crawl Stone Soup version 0.30.0-29-ga12c61a403 (webtiles) character file.

Game seed: 14586000650523601525

5027 DemonSlayer the Geomancer (level 10, -1/71 HPs)
             Began as a Demonspawn Earth Elementalist on June 15, 2023.
             Was a High Priest of Cheibriados.
             Slain by an orc warlord
             ... wielding a +5 battleaxe
              (24 damage)
             ... in a bailey.
             The game lasted 00:19:53 (8900 turns).

DemonSlayer the Geomancer (DsEE)                    Turns: 8900, Time: 00:19:54

Health: -1/71      AC: 17    Str: 25    XL:     10   Next: 30%
Magic:  2/23       EV: 14    Int: 28    God:    Cheibriados [*****.]
Gold:   511        SH:  0    Dex: 29    Spells: 11/27 levels left

rFire   + . .        m - +6 dagger (venom)
rCold   + . .        (no shield)
rNeg    + + .        d - +4 ring mail {rC+}
rPois   .            (no helmet)
rElec   .            (cloak unavailable)
rCorr   .            c - +3 pair of gloves of the Hall of Blades {rN++}
SInv    .            (no boots)
Will    .....        (no amulet)
Stlth   +++          e - +6 ring of strength
HPRegen 0.31/turn    q - ring of protection from fire
MPRegen 0.18/turn

%: no passive effects
@: very slow
A: rugged brown scales 3, powered by pain 1, spiny 1, weakness stinger 3
a: Renounce Religion, Bend Time, Temporal Distortion, Slouch, Step From Time


You were in a bailey.
You worshipped Cheibriados.
Cheibriados was extremely pleased with you.
You visited 2 branches of the dungeon, and saw 9 of its levels.
You also visited: Bailey.

You collected 511 gold pieces.

Inventory:

Hand Weapons
 m - a +6 dagger of venom (weapon)
Armour
 c - the +3 pair of gloves of the Hall of Blades (worn) {rN++}
   (You acquired it in a bailey)

   rN:        It greatly protects you from negative energy.
 d - a +4 ring mail of cold resistance (worn)
Jewellery
 e - a +6 ring of strength (left hand)
 q - a ring of protection from fire (right hand)
Wands
 b - a wand of flame (38)
Scrolls
 h - 2 scrolls of teleportation
 j - 3 scrolls of magic mapping
 r - a scroll of summoning
 s - a scroll of immolation {unknown}
Potions
 a - a potion of curing
 f - a potion of attraction
 g - a potion of lignification
 i - a potion of ambrosia {unknown}
 k - a potion of flight {unknown}
 l - a potion of cancellation
 o - a potion of invisibility {unknown}
 p - a potion of mutation {unknown}


   Skills:
 + Level 2.0 Fighting
 + Level 0.6 Short Blades
 + Level 3.8 Armour
 + Level 3.1 Dodging
 + Level 3.6 Stealth
 + Level 9.2 Spellcasting
 + Level 1.0 Transmutations
 + Level 9.3 Earth Magic


You had 11 spell levels left.
You knew the following spells:

 Your Spells              Type           Power      Damage    Failure   Level
a - Sandblast             Erth           100%       2d20      1%          1
b - Passwall              Tmut/Erth      34%        N/A       1%          2
c - Stone Arrow           Conj/Erth      78%        3d11      3%          3
d - Petrify               Tmut/Erth      41%        N/A       8%          4
e - Statue Form           Tmut/Erth      27%        N/A       77%         6

Your spell library contained the following spells:

 Spells                   Type           Power      Damage    Failure   Level
 Inner Flame              Hex/Fire       12%        N/A       21%         3
 Tukima's Dance           Hex            12%        N/A       21%         3
 Flame Wave               Conj/Fire      12%        2d6       54%         4
 Passage of Golubria      Tloc           12%        N/A       54%         4
 Sticky Flame             Conj/Fire      12%        2d4       54%         4
 Yara's Violent Unravell  Hex/Tmut       7%         3d5       83%         5
 Metabolic Englaciation   Hex/Ice        6%         N/A       88%         5


Dungeon Overview and Level Annotations

Branches:
Dungeon (8/15)             Temple (1/1) D:4            Lair (0/5) D:8
 Bailey (1/1)

Altars:
Ashenzari
Cheibriados
Dithmenos
Fedhas
Gozag
Kikubaaqudgha
Makhleb
Nemelex Xobeh
Okawaru
Qazlal
Ru
Sif Muna
Trog
Uskayaw
Vehumet
Wu Jian
Xom
Yredelemnul

Annotations:
D:8 Grum


Innate Abilities, Weirdness & Mutations

You are completely covered in rugged brown scales. (AC +3, +7% HP)
You sometimes gain a little power by taking damage.
You are partially covered in sharp spines.
You have a sharp stinger which inflicts weakening toxins.


Message History

The orc warlord is poisoned.
The orc warlord is almost dead.
The orc warlord closely misses you.
You hit the orc warlord but do no damage.
The orc warlord is almost dead.
The orc warlord barely misses you.
You hit the orc warlord.
You tail-slap the orc warlord, but do no damage.
The orc warlord is almost dead.
The orc warlord is struck by your spines.
The orc warlord hits you with a +5 battleaxe!!
* * * LOW HITPOINT WARNING * * *
Your magical contamination has completely faded away.
It was a potion of cancellation.
Your magical effects are unravelling.
You feel magically purged.
You feel a little less agile now.
The orc warlord hits you with a +5 battleaxe!
* * * LOW HITPOINT WARNING * * *
You feel better. The orc warlord closely misses you.
The orc warlord hits you but does no damage.
As you read the scroll of summoning, it crumbles to dust.
Wisps of shadow whirl around you... The orc warlord closely misses you.
The orc warlord hits your gnoll with a +5 battleaxe!!
Your gnoll dies!
Your gnoll's corpse dissolves into shadows!
The orc warlord hits your gnoll with a +5 battleaxe!
Your gnoll dies!
Your gnoll's corpse dissolves into shadows!
The orc warlord hits your gnoll with a +5 battleaxe!
Your gnoll dies!
Your gnoll's corpse dissolves into shadows!
The orc warlord hits your gnoll with a +5 battleaxe!
Your gnoll dies!
Your gnoll's corpse dissolves into shadows!
The orc warlord closely misses your gnoll.
You feel better.
Your gnoll hits the orc warlord but does no damage.
The orc warlord hits you with a +5 battleaxe!!
You die...

...#.....⌠.....#
...#...).......#
...#.......))..#
..###.....).))###
###.###.....#'#.###
#
...###.###.....###
.... ###..)......##
..... #8g...g.....#
g.....#8....o@....#
......'..g..g....∩#
o.....#8.g........#
.....##8...gg)....#
.....###.........##
#
...###.###.....###
###.###.....#)#.###
..###.........###
...#...........#


You could see an orc warlord (poisoned, ally target) and 7 friendly gnolls.

Vanquished Creatures
  Prince Ribbit (D:8)
  2 yaks (D:8)
  2 water moccasins (D:8)
  15 orc warriors
  A black bear (D:3)
  An ogre (D:5)
  3 wolves (D:8)
  2 centaurs
  2 phantoms (D:5)
  6 bullfrogs
  3 scorpions
  3 wights (D:6)
  5 killer bees (D:8)
  6 jellies
  4 gnoll boudas
  2 orc priests
  3 hounds
  2 sleepcaps
  Ijyb (D:3)
  An iguana (D:5)
  7 orc wizards
  23 gnolls
  10 adders
  2 ufetubi
  3 worms
  40 orcs
  4 bats
  8 endoplasms
  4 giant cockroaches
  17 goblins
  13 hobgoblins
  3 jackals (D:1)
  2 quokkas
  7 ball pythons
  A frilled lizard (D:3)
  9 kobolds
  4 rats
222 creatures vanquished.

Notes
Turn   | Place    | Note
-------+----------+-------------------------------------------
     0 | D:1      | DemonSlayer the Demonspawn Earth Elementalist began the
                  | quest for the Orb.
     0 | D:1      | Reached XP level 1. HP: 13/13 MP: 3/3
   636 | D:1      | Gained mutation: You are partially covered in sharp spines.
                  | [demonic ancestry]
   636 | D:1      | Reached XP level 2. HP: 15/19 MP: 1/5
   994 | D:1      | Learned a level 2 spell: Passwall
  1218 | D:2      | Identified the +0 robe of Untruth {Harm Str+3}
  1573 | D:2      | Gained mutation: You are partially covered in rugged brown
                  | scales. (AC +1, +3% HP) [demonic ancestry]
  1573 | D:2      | Reached XP level 3. HP: 19/24 MP: 3/6
  2092 | D:3      | Learned a level 3 spell: Stone Arrow
  2193 | D:3      | Found a stormy altar of Qazlal.
  2677 | D:3      | Found a broken altar of Ashenzari.
  2681 | D:3      | Gained mutation: You are mostly covered in rugged brown
                  | scales. (AC +2, +5% HP) [demonic ancestry]
  2681 | D:3      | Reached XP level 4. HP: 23/32 MP: 5/8
  2857 | D:3      | Noticed a black bear
  3164 | D:3      | Found a faded altar of an unknown god.
  3291 | D:3      | Killed a black bear
  3292 | D:3      | Gained mutation: You are completely covered in rugged brown
                  | scales. (AC +3, +7% HP) [demonic ancestry]
  3292 | D:3      | Reached XP level 5. HP: 23/38 MP: 4/10
  3570 | D:3      | Noticed Ijyb
  3594 | D:3      | Killed Ijyb
  3779 | D:4      | Reached XP level 6. HP: 44/44 MP: 3/11
  3989 | D:4      | Found a staircase to the Ecumenical Temple.
  4002 | D:4      | Found a bloodstained altar of Trog.
  4023 | Temple   | Entered the Ecumenical Temple
  4309 | D:4      | Noticed a +0 dagger
  4309 | D:4      | Noticed a +0 spear
  4309 | D:4      | Noticed a +0 spear
  4309 | D:4      | Noticed a +0 short sword
  4310 | D:4      | Noticed a +0 falchion
  4310 | D:4      | Noticed a +0 dagger
  4311 | D:4      | Noticed a +0 short sword
  4311 | D:4      | Noticed a +0 falchion
  4317 | D:4      | Found a hide-covered altar of Uskayaw.
  4366 | D:4      | Learned a level 4 spell: Petrify
  4430 | D:4      | Reached skill level 5 in Earth Magic
  4549 | D:4      | Found a blossoming altar of Fedhas.
  4571 | D:4      | Found a snail-covered altar of Cheibriados.
  4601 | D:4      | Became a worshipper of Cheibriados the Contemplative
  4903 | D:5      | Entered Level 5 of the Dungeon
  5023 | D:5      | Gained mutation: You sometimes gain a little power by
                  | taking damage. [demonic ancestry]
  5023 | D:5      | Reached XP level 7. HP: 38/50 MP: 8/13
  5171 | D:5      | Found an iron altar of Okawaru.
  5175 | D:5      | Found a basalt altar of Yredelemnul.
  5194 | D:5      | Reached skill level 1 in Fighting
  5404 | D:5      | Found a radiant altar of Vehumet.
  5410 | D:5      | Reached * piety under Cheibriados
  5612 | D:5      | Reached skill level 5 in Spellcasting
  5818 | D:5      | Reached skill level 1 in Armour
  5818 | D:5      | Gained mutation: You have a small tail. [demonic ancestry]
  5818 | D:5      | Reached XP level 8. HP: 20/57 MP: 9/15
  6064 | D:5      | Found an ancient bone altar of Kikubaaqudgha.
  6067 | D:5      | Found an opulent altar of Gozag.
  6290 | D:6      | Found a shadowy altar of Dithmenos.
  6457 | D:6      | Reached skill level 1 in Transmutations
  6740 | D:6      | Reached ** piety under Cheibriados
  7234 | D:6      | Gained mutation: You have a tail ending in a sharp stinger.
                  | [demonic ancestry]
  7234 | D:6      | Reached XP level 9. HP: 63/63 MP: 14/19
  7441 | D:6      | Learned a level 6 spell: Statue Form
  7557 | D:7      | Reached *** piety under Cheibriados
  7691 | D:8      | Found a staircase to the Lair.
  7699 | D:8      | Noticed Prince Ribbit
  7702 | D:8      | Killed Prince Ribbit
  7706 | D:8      | Reached **** piety under Cheibriados
  7718 | D:8      | Noticed a komodo dragon
  7725 | D:8      | Noticed Grum
  7738 | D:8      | Found a flagged portal.
  7744 | Bailey   | Entered a bailey
  8262 | Bailey   | Gained mutation: You have a sharp stinger which inflicts
                  | weakening toxins. [demonic ancestry]
  8262 | Bailey   | Reached XP level 10. HP: 62/71 MP: 17/22
  8677 | Bailey   | Reached ***** piety under Cheibriados
  8865 | Bailey   | Acquired the +3 pair of gloves of the Hall of Blades {rN++}
  8878 | Bailey   | Noticed an orc warlord
  8900 | Bailey   | Slain by an orc warlord

Illustrated notes

Levels and vault maps discovered:
D:1:      heliophobic_arrival_glass_houses, layout_loops_corners
D:2:      layout_basic, minmay_misc_feat_cross
D:3:      layout_basic, zin_statuary, ashenzari_altar_1, grunt_qazlal_clouds,
          dilly_ecumenical_altar_fadedgnrine, uniq_ijyb
D:4:      layout_loops_cross, mainiacjoe_overflow_boulevard,
          lemuel_crystal_altar, nicolae_uskayaw_en_pointe,
          mainiacjoe_overflow_catwalk, temple_statues,
          nicolae_figureground_pulse
D:5:      layout_loops_corners, nicolae_vehumet_radiance,
          nicolae_overflow_hidden_temple
D:6:      cheibrodos_quashed, layout_basic, nicolae_dithmenos_the_darkroom,
          mainiacjoe_overflow_tiny_flanked
D:7:      layout_loops_ring, uniq_menkaure
D:8:      layout_loops_cross, due_lair_maze_entry_diamond, enter_bailey_1,
          uniq_prince_ribbit1, uniq_grum
Temple:   nicolae_temple_superstar
Bailey:   bailey_axe_minmay_hex_keep, bailey

Skill      XL: |  1  2  3  4  5  6  7  8  9 10 |
---------------+-------------------------------+-----
Earth Magic    | 3 4 5 6 7 9 |  9.3
Stealth        | 2 3 |  3.6
Spellcasting   | 3 4 5 6 8 9 |  9.2
Dodging        | 2 3 |  3.1
Fighting       | 1 2 |  2.0
Armour         | 1 2 3 |  3.8
Transmutations | 1 |  1.0
Short Blades   | |  0.6

Action                     |  1- 3 |  4- 6 |  7- 9 | 10-12 || total
---------------------------+-------+-------+-------+-------++-------
  Melee: Dagger            |    15 |    19 |    18 |     4 ||    56
         Unarmed           |     1 |       |       |       ||     1
         Punch             |       |     1 |       |       ||     1
         Tailslap          |       |       |     3 |     1 ||     4
   Cast: Sandblast         |    51 |    84 |   169 |    56 ||   360
         Passwall          |       |       |     3 |       ||     3
         Stone Arrow       |       |       |       |     7 ||     7
  Evoke: Wand              |       |       |       |     1 ||     1
    Use: Potion            |     1 |     1 |     1 |     4 ||     7
         Scroll            |     7 |     3 |     8 |     6 ||    24
   Stab: Sleeping          |     2 |     4 |     2 |       ||     8
 Armour: Robe              |     6 |    15 |       |       ||    21
         Ring mail         |       |    17 |    67 |     9 ||    93
  Dodge: Dodged            |    21 |    48 |    89 |    42 ||   200
